 Dungeon Crawl Stone Soup version 0.19.5 (webtiles) character file.

94 McKennaii the Firebug (level 4, -3/24 HPs)
             Began as a Deep Elf Fire Elementalist on May 7, 2017.
             Slain by an orc wizard
             ... wielding a +0 dagger
              (7 damage)
             ... on level 3 of the Dungeon.
             The game lasted 00:03:21 (1479 turns).

McKennaii the Firebug (Deep Elf Fire Elementalist)  Turns: 1479, Time: 00:03:21

Health: -3/24      AC:  2    Str:  5    XL:     4   Next: 38%
Magic:  3/12       EV: 13    Int: 21    God:
Gold:   92         SH:  0    Dex: 15    Spells: 3 memorised, 5 levels left

rFire  . . .     SeeInvis .     (no weapon)
rCold  . . .     Gourm    .     a - +0 robe
rNeg   . . .     Faith    .     (no shield)
rPois  .         Spirit   .     (no helmet)
rElec  .         Reflect  .     (no cloak)
rCorr  .         Harm     .     (no gloves)
MR     .....                    (no boots)
Stlth  ++........               (no amulet)
                                (no ring)
                                (no ring)

@: no status effects
A: no striking features
a: no special abilities


You were on level 3 of the Dungeon.
You were not hungry.

You visited 1 branch of the dungeon, and saw 3 of its levels.

You collected 92 gold pieces.

Inventory:

Armour
 a - a +0 robe (worn)
Scrolls
 e - 4 scrolls of identify {unknown}
 f - a scroll of noise {unknown}
 i - a scroll of teleportation {unknown}
 j - a scroll of recharging {unknown}
 l - a scroll of immolation {unknown}
Potions
 d - 2 potions of lignification {unknown}
 k - a potion of flight {unknown}
 m - a potion of brilliance {unknown}
Books
 b - a book of Flames

   Spells                             Type                      Level
   a - Flame Tongue                   Conjuration/Fire             1
   b - Throw Flame                    Conjuration/Fire             2
   c - Conjure Flame                  Conjuration/Fire             3
   d - Inner Flame                    Hexes/Fire                   3
   e - Sticky Flame                   Conjuration/Fire             4
   f - Fireball                       Conjuration/Fire             5
Comestibles
 c - 2 bread rations
 g - a meat ration


   Skills:
 + Level 2.7 Dodging
 + Level 2.8 Stealth
 + Level 4.3 Spellcasting
 + Level 2.0 Conjurations
 + Level 4.4 Fire Magic


You had 5 spell levels left.
You knew the following spells:

 Your Spells              Type           Power        Failure   Level  Hunger
a - Flame Tongue          Conj/Fire      ###..        3%          1    None
b - Throw Flame           Conj/Fire      ###...       6%          2    #......
c - Conjure Flame         Conj/Fire      ###.....     12%         3    ##.....


Dungeon Overview and Level Annotations

Branches:
Dungeon (3/15)

Altars:


Message History

Confirm with . or Enter, or press ? or * to list all spells.
Aiming: Flame Tongue
Press: ? - help, Shift-Dir - straight line
Casting: Flame Tongue
Confirm with . or Enter, or press ? or * to list all spells.
Aiming: Flame Tongue
Press: ? - help, Shift-Dir - straight line The flame tongue hits something.
Something hits you.
Casting: Flame Tongue
Confirm with . or Enter, or press ? or * to list all spells.
Aiming: Flame Tongue
Press: ? - help, Shift-Dir - straight line Something hits you.
* * * LOW HITPOINT WARNING * * *
Casting: Flame Tongue
Confirm with . or Enter, or press ? or * to list all spells.
Aiming: Flame Tongue
Press: ? - help, Shift-Dir - straight line Something hits you!
You die...

#.# #.# #.#
#####.####
#......... . #@##.#
### ...
#.##.#####.#
.....##.##.....#.##
.....).........#..#
............>..#..#
....†.............#
.....#.....#......#
#.##.#.....#..#...#
# # #............#


There were no monsters in sight!

Vanquished Creatures
  An orc priest (D:3)
  2 adders (D:3)
  3 worms
  A dart slug (D:1)
  A leopard gecko (D:2)
  2 orcs (D:3)
  A ball python (D:2)
  5 bats
  3 giant cockroaches
  4 goblins
  2 hobgoblins (D:1)
  A frilled lizard (D:1)
  5 kobolds
  4 rats (D:1)
35 creatures vanquished.

Notes
Turn   | Place    | Note
-------+----------+-------------------------------------------
     0 | D:1      | McKennaii the Deep Elf Fire Elementalist began the quest for the Orb.
     0 | D:1      | Reached XP level 1. HP: 10/10 MP: 6/6
   162 | D:1      | Reached XP level 2. HP: 10/15 MP: 4/8
   969 | D:2      | Reached XP level 3. HP: 19/19 MP: 4/9
   973 | D:2      | Learned a level 2 spell: Throw Flame
   977 | D:2      | Learned a level 3 spell: Conjure Flame
  1131 | D:3      | Reached XP level 4. HP: 24/24 MP: 0/12
  1479 | D:3      | Slain by an orc wizard

Skill      XL: |  1  2  3  4 |
---------------+-------------+-----
Fire Magic     | 4 |  4.4
Spellcasting   | 4 |  4.3
Conjurations   | 2 |  2.0
Dodging        | |  2.7
Stealth        | |  2.8

Action                   |  1- 3 |  4- 6 || total
-------------------------+-------+-------++-------
 Cast: Flame Tongue      |    44 |    24 ||    68
       Throw Flame       |     4 |     3 ||     7
  Eat: Chunk             |       |     2 ||     2
Armor: Robe              |     3 |     2 ||     5
Dodge: Dodged            |     8 |    17 ||    25
